 Dungeon Crawl Stone Soup version 0.15.2 (webtiles) character file.

18 Huymann the Sneak (level 2, 0/22 HPs)
             Began as a Naga Wizard on Feb 6, 2015.
             Succumbed to an adder's poison
             ... on Level 2 of the Dungeon.
             The game lasted 00:07:24 (1224 turns).

Huymann the Sneak (Naga Wizard)                     Turns: 1224, Time: 00:07:24

HP   0/22        AC  1     Str  9      XL: 2   Next: 66%
MP   1/6         EV  9     Int 18      God:
Gold 70          SH  0     Dex  9      Spells:  4 memorised,  1 level left

rFire  + . .     SeeInvis +     m - +0 short sword
rCold  . . .     Clarity  .     a - +0 robe
rNeg   . . .     rCorr    .     (no shield)
rPois  +         rRot     .     b - +0 hat
rElec  .         Spirit   .     (no cloak)
SustAb .         Warding  .     (no gloves)
rMut   .         Stasis   .     (no barding)
Gourm  .                        (no amulet)
MR     .....                    (no ring)
                                q - ring of protection from fire

@: lethally poisoned, very slightly contaminated, very slow, not resistant to
hostile enchantments, unstealthy
A: spit poison, see invisible, deformed body, poison resistance, slowness 2
a: Spit Poison


You were on level 2 of the Dungeon.
You were not hungry.

You visited 1 branch of the dungeon, and saw 2 of its levels.

You collected 70 gold pieces.

Inventory:

Hand weapons
 m - a +0 short sword (weapon)
 o - a +0 club
Armour
 a - a +0 robe (worn)
 b - a +0 hat (worn)
Comestibles
 d - 2 bread rations
 i - 2 meat rations
 j - a beef jerky
 n - a chunk of giant gecko flesh
 r - a chunk of bat flesh
Scrolls
 g - a scroll of teleportation
 h - a scroll of fear
Jewellery
 q - a ring of protection from fire (left hand)
Potions
 f - a potion of brilliance {unknown}
 k - a potion of flight {unknown}
 l - a potion of magic {unknown}
Books
 c - a book of Minor Magic

   Spells                             Type                      Level
   *Magic Dart                        Conjuration                  1
   *Blink                             Translocation                2
   *Call Imp                          Summoning                    2
   Repel Missiles                     Charms/Air                   2
   Slow                               Hexes                        2
   Conjure Flame                      Conjuration/Fire             3
   Mephitic Cloud                     Conjuration/Poison/Air       3
 p - a book of Beasts

   Spells                             Type                      Level
   *Summon Butterflies                Summoning                    1
   Call Canine Familiar               Summoning                    3
   Summon Ice Beast                   Ice/Summoning                4
   Summon Mana Viper                  Hexes/Summoning              5
   Monstrous Menagerie                Summoning                    6
   Summon Hydra                       Summoning                    7


   Skills:
 * Level 1.6 Dodging
 * Level 3.4 Stealth
 + Level 3.4 Spellcasting
 * Level 1.2 Conjurations
 + Level 1.0 Summonings
 + Level 1.0 Translocations


You had one spell level left.
You knew the following spells:

 Your Spells              Type           Power        Failure   Level  Hunger
a - Magic Dart            Conj           #...         12%         1    None
b - Blink                 Tloc           N/A          17%         2    ##.....
c - Call Imp              Summ           #.......     17%         2    ##.....
d - Summon Butterflies    Summ           #.......     12%         1    None


Dungeon Overview and Level Annotations

Branches:
Dungeon (2/15)

Altars:


Innate Abilities, Weirdness & Mutations

You cannot wear boots.
You can spit poison.
You have supernaturally acute eyesight.
Armour fits poorly on your strangely shaped body.
Your system is resistant to poisons.
You cover ground very slowly.


Message History

The adder bites you.
Your crimson imp hits the adder.
The adder bites you.
You are poisoned.
The adder poisons you!
Drink which item? (? for menu, Esc to quit)
You feel much better.
It was a potion of heal wounds.
You feel sick. The adder bites you but does no damage. The adder bites you.
Your crimson imp misses the adder.
The adder bites you. The adder closely misses you.
You feel sick.
Your crimson imp closely misses the adder.
The adder bites you. The adder bites you.
You are lethally poisoned!
The adder poisons you! The adder closely misses you.
Your crimson imp blinks!
You feel sick. The adder bites you.
* * * LOW HITPOINT WARNING * * *
The adder bites you.
* * * LOW HITPOINT WARNING * * *
You die...

#.##..#.# #$# ....#..#.# #.#
......#.# ## #.# #####....#.#
. #.# ........#.# .# #.#
###.#....#.####.#.###.######
.........>5............)....#
###.##...#..S.#######.####(#
#.......ยง..S.@.......# #.#
#..##.#.##...######### #.# #..
#.#.##...# #.# #? #..
#.#.##...# #.# ##.#..
#.#.###### #.#
......##.#.#################.#
#............................#
##..#.##%#.###################
# ).. #.#.####


You could see 2 adders and a friendly crimson imp.

Vanquished Creatures
  A giant gecko (D:2)
  2 goblins
  2 hobgoblins (D:1)
  A ball python (D:1)
  4 bats
  4 kobolds
  3 rats
17 creatures vanquished.

Notes
Turn   | Place    | Note
--------------------------------------------------------------
     0 | D:1      | Huymann, the Naga Wizard, began the quest for the Orb.
     0 | D:1      | Reached XP level 1. HP: 15/15 MP: 4/4
   433 | D:1      | Reached XP level 2. HP: 22/22 MP: 1/6
  1123 | D:2      | Learned a level 2 spell: Blink
  1126 | D:2      | Learned a level 2 spell: Call Imp
  1128 | D:2      | Learned a level 1 spell: Summon Butterflies
  1223 | D:2      | HP: 1/22 [adder (4)]
  1224 | D:2      | Succumbed to an adder's poison

Action                   || total
-------------------------++-------
Melee: Short sword       ||     5
       Club              ||     1
 Cast: Magic Dart        ||    40
       Blink             ||     1
       Call Imp          ||     1
  Use: Scroll            ||     6
       Potion            ||     1
 Stab: Sleeping          ||     2
  Eat: Chunk             ||     1
